 Dungeon Crawl Stone Soup version 0.20.1-1-g8b1a95d (webtiles) character file.

36 KoningWillie the Shield-Bearer (level 3, -9/33 HPs)
             Began as a Minotaur Fighter on Sept 27, 2017.
             Mangled by a gnoll
             ... wielding a +0 halberd
              (13 damage)
             ... on level 2 of the Dungeon.
             The game lasted 00:01:12 (1559 turns).

KoningWillie the Shield-Bearer (Minotaur Fighter)   Turns: 1559, Time: 00:01:13

Health: -9/33      AC:  7    Str: 21    XL:     3   Next: 19%
Magic:  2/2        EV:  7    Int:  5    God:
Gold:   66         SH:  9    Dex:  9    Spells: 2/2 levels left

rFire    . . .     SeeInvis .   a - +0 long sword
rCold    . . .     Gourm    .   c - +0 shield
rNeg     . . .     Faith    .   b - +0 scale mail
rPois    .         Spirit   .   (helmet restricted)
rElec    .         Reflect  .   (no cloak)
rCorr    .         Harm     .   (no gloves)
MR       .....                  (no boots)
Stlth    ..........             (no amulet)
Regen    0.2/turn               (no ring)
MPRegen  0.1/turn               (no ring)

@: no status effects
A: retaliatory headbutt, horns 2
a: no special abilities


You were on level 2 of the Dungeon.
You were not hungry.

You visited 1 branch of the dungeon, and saw 2 of its levels.

You collected 66 gold pieces.

Inventory:

Hand Weapons
 a - a +0 long sword (weapon)
Armour
 b - a +0 scale mail (worn)
 c - a +0 shield (worn)
Jewellery
 i - an uncursed ring of positive energy {unknown}
Scrolls
 h - a scroll of immolation
 k - 3 scrolls of identify {unknown}
Potions
 d - a potion of might
 e - a potion of agility {unknown}
 l - a potion of resistance {unknown}
 m - a potion of flight {unknown}
Books
 j - a book of Misfortune

   Spells                             Type                      Level
   a - Confusing Touch                Hexes                        1
   b - Confuse                        Hexes                        3
   c - Gell's Gravitas                Translocation                3
   d - Petrify                        Transmutation/Earth          4
   e - Metabolic Englaciation         Hexes/Ice                    5
   f - Yara's Violent Unravelling     Hexes/Transmutation          5
Comestibles
 f - 3 bread rations
 g - 2 meat rations


   Skills:
 + Level 4.0 Fighting
 + Level 2.9 Long Blades
 + Level 3.9 Armour
 + Level 0.2 Dodging
 + Level 4.3 Shields


You had 2 spell levels left.
You didn't know any spells.

Dungeon Overview and Level Annotations

Branches:
Dungeon (2/15)

Altars:
Okawaru


Innate Abilities, Weirdness & Mutations

You reflexively headbutt those who attack you in melee.
You have a pair of horns on your head.


Message History

Found a scroll labeled UTUTTU UCAE.
The gnoll hits you with a halberd!
Found a club.
You hit the gnoll.
The gnoll is lightly wounded.
You block the gnoll's attack.
You hit the gnoll. Your headbutt misses the gnoll.
The gnoll is heavily wounded.
You block the gnoll's attack.
You closely miss the gnoll. You headbutt the gnoll.
The gnoll is severely wounded.
The gnoll hits you with a halberd!
Your shield and scale mail prevent you from hitting the gnoll.
The gnoll is severely wounded.
The gnoll hits you with a halberd!
* * * LOW HITPOINT WARNING * * *
You barely miss the gnoll.
The gnoll is severely wounded.
The gnoll hits you with a halberd!
You die...

#..........##.#.......#####.
#..........................#
#............#..............
#............#..####.......#
...#.........#..####.......#
.............#.............#
...####....................#
.##........................#
.##....# ......>@..$.......#
..#....#+##?....g...########
..#............)....#
......................
†.....(.................
........................
...........##...........
..........) #...........
.......##


You could see a gnoll.

Vanquished Creatures
  An ooze (D:1)
  A worm (D:2)
  A leopard gecko (D:1)
  5 bats
  A giant cockroach (D:1)
  3 goblins
  4 hobgoblins
  2 ball pythons (D:2)
  4 frilled lizards
  3 kobolds
  3 rats (D:1)
28 creatures vanquished.

Notes
Turn   | Place    | Note
-------+----------+-------------------------------------------
     0 | D:1      | KoningWillie the Minotaur Fighter began the quest for the Orb.
     0 | D:1      | Reached XP level 1. HP: 19/19 MP: 0/0
   143 | D:1      | Reached XP level 2. HP: 20/27 MP: 1/1
  1004 | D:2      | Found an iron altar of Okawaru.
  1011 | D:2      | Reached XP level 3. HP: 33/33 MP: 2/2
  1559 | D:2      | Mangled by a gnoll

Skill      XL: |  1  2 |
---------------+-------+-----
Shields        | 4 |  4.3
Fighting       | 4 |  4.0
Long Blades    | |  2.9
Armour         | |  3.9
Dodging        | |  0.2

Action                   || total
-------------------------++-------
Melee: Long sword        ||    63
       Headbutt          ||     9
  Use: Scroll            ||     2
  Eat: Bread ration      ||     1
Armor: Scale mail        ||    34
Dodge: Dodged            ||    23
Block: Shield            ||    43
       Rpst.: Long sword ||     4
